 Dungeon Crawl Stone Soup version 0.18.1-8-gdd0e5ea (webtiles) character file.

3015 Gargoyl the Covered (level 9, 0/69 HPs)
             Began as a Demonspawn Abyssal Knight on June 2, 2016.
             Was a High Priest of Lugonu.
             Killed from afar by Enroth's ghost (15 damage)
             ... with a flame tongue
             ... on level 7 of the Dungeon on June 3, 2016.
             The game lasted 00:17:35 (8446 turns).

Gargoyl the Covered (Demonspawn Abyssal Knight)     Turns: 8446, Time: 00:17:35

Health: 0/69       AC: 14    Str: 17      XL:     9   Next: 55%
Magic:  11/11      EV:  6    Int: 11 (13) God:    Lugonu [*****.]
Gold:   517        SH:  9    Dex: 10      Spells: 0 memorised, 8 levels left

rFire  . . .     SeeInvis .     C - +2 hand axe (chop)
rCold  + . .     Gourm    .     A - +0 chain mail
rNeg   . . .     Faith    .     r - +0 shield
rPois  .         Spirit   .     q - +2 helmet
rElec  .         Dismiss  .     (no cloak)
rCorr  .         Reflect  .     (no gloves)
SustAt .         Harm     .     (no boots)
MR     +....                    (no amulet)
Stlth  ..........               (no ring)
                                z - +3 ring of slaying

@: somewhat resistant to hostile enchantments, extremely unstealthy
A: talons 1, clumsy 1, cold resistance 1, magic resistance 1, nightstalker 1
a: Depart the Abyss, Bend Space, Banish, Corrupt, Enter the Abyss, Renounce
Religion


You were on level 7 of the Dungeon.
You worshipped Lugonu.
Lugonu was extremely pleased with you.
You were not hungry.

You visited 1 branch of the dungeon, and saw 7 of its levels.
You visited the Abyss 1 time.
You also visited: Ossuary.

You collected 517 gold pieces.

Inventory:

Hand Weapons
 o - a +0 flail
 C - a +2 hand axe of chopping (weapon)
Missiles
 x - 5 tomahawks (quivered)
Armour
 q - a +2 helmet (worn)
 r - a +0 shield (worn)
 A - a +0 chain mail (worn)
Jewellery
 v - an uncursed amulet of dismissal
 z - a +3 ring of slaying (left hand)
Wands
 a - a wand of flame (33/48)
 w - a wand of digging (11/24)
 D - a wand of random effects (17/48)
Scrolls
 e - a scroll of fog
 k - 4 scrolls of identify
 n - a scroll of amnesia
 p - a scroll of teleportation
 y - a scroll of remove curse
 E - a scroll of fear {unknown}
 F - a scroll of recharging {unknown}
 G - 2 scrolls of blinking {unknown}
 I - 2 scrolls of enchant weapon {unknown}
 J - a scroll of holy word {unknown}
Potions
 d - a potion of cancellation
 g - a potion of might
 h - 3 potions of degeneration
 i - 3 potions of curing
Books
 b - Gaenn's Volume of Mutagenic Translocation
   (You found it on level 3 of the Abyss)

   Spells                             Type                      Level
   a - Beastly Appendage              Transmutation                1
   b - Passwall                       Transmutation/Earth          2
   c - Ignite Poison                  Fire/Transmutation/Poison    3
   d - Petrify                        Transmutation/Earth          4
   e - Yara's Violent Unravelling     Hexes/Transmutation          5
   f - Summon Forest                  Summoning/Translocation      5
Comestibles
 c - 6 bread rations
 f - 2 slices of pizza
 u - 2 beef jerkies
 B - 2 meat rations


   Skills:
 + Level 6.3 Fighting
 + Level 5.7 Axes
 * Level 7.4 Armour
 + Level 3.6 Dodging
 + Level 0.2 Stealth
 + Level 4.8 Shields
 + Level 2.9 Invocations


You had 8 spell levels left.
You didn't know any spells.

Dungeon Overview and Level Annotations

Branches:
Dungeon (7/15)             Temple (0/1) D:4

Altars:
Ashenzari
Makhleb

Shops:
D:4 ?

Annotations:
D:7 Enroth's ghost, novice HOFE


Innate Abilities, Weirdness & Mutations

You have sharp toenails.
You are slightly more attuned to the shadows.
You are clumsy. (Dex -2)
Your flesh is cold resistant.
You are resistant to hostile enchantments.


Message History

Enroth's ghost is severely damaged.
You block Enroth's ghost's attack.
You closely miss Enroth's ghost.
Enroth's ghost is severely damaged.
You block Enroth's ghost's attack.
You closely miss Enroth's ghost. You claw Enroth's ghost.
Enroth's ghost is severely damaged.
Enroth's ghost hits you but does no damage.
Enroth's ghost hits you.
* * * LOW HITPOINT WARNING * * *
You hit Enroth's ghost but do no damage.
You claw Enroth's ghost, but do no damage.
Enroth's ghost is severely damaged.
Enroth's ghost hits you.
* * * LOW HITPOINT WARNING * * *
You closely miss Enroth's ghost.
Enroth's ghost is severely damaged.
Enroth's ghost points at you and mumbles some strange words.
The flame tongue hits you!
You die...

######
#....#
#....#
#....#
#....#####
#.W......
#.@.....#
#....>..#
#.......+
#.......#
#.......#
....#####
....#


You could see Enroth's ghost.

Vanquished Creatures
  Pikel (D:4)
  Menkaure (D:6)
  A phantom (D:6)
  An orc warrior (D:6)
  2 ice beasts
  A sky beast (D:6)
  The ghost of Xecutor the Sneak, an amateur KoEn (D:3)
  A giant frog (D:6)
  8 scorpions (Ossuary)
  4 wights (D:6)
  A howler monkey (D:4)
  A centaur zombie (Ossuary)
  A hound (D:5)
  A jelly (D:5)
  A human zombie (Ossuary)
  6 orc priests
  5 iguanas
  Ijyb (D:4)
  Natasha (twice) (D:4)
  7 orc wizards
  2 worker ants (D:4)
  7 big kobold zombies (Ossuary)
  A hound zombie (D:3)
  4 mummies
  4 gnolls
  12 adders
  An ooze (D:4)
  2 adder skeletons (D:4)
  5 worms
  5 dart slugs
  5 giant geckos
  37 orcs
  9 bats
  5 giant cockroaches
  A gnoll zombie (Ossuary)
  12 goblins
  5 hobgoblins
  15 jackals
  8 kobolds
  5 quokkas
  A ball python (D:3)
  6 giant newts
  3 goblin zombies
  3 hobgoblin zombies
  A jackal skeleton (D:6)
  6 kobold zombies (Ossuary)
  An orc zombie (Ossuary)
  7 rats
220 creatures vanquished.

Vanquished Creatures (others)
  Natasha (D:4)
  A scorpion zombie (Ossuary)
  An adder skeleton (D:4)
  A goblin zombie (Ossuary)
  A kobold (D:4)
5 creatures vanquished.

Grand Total: 225 creatures vanquished

Notes
Turn   | Place    | Note
--------------------------------------------------------------
     0 | Abyss:1  | Gargoyl the Demonspawn Abyssal Knight began the quest for the Orb.
     0 | Abyss:1  | Reached XP level 1. HP: 18/18 MP: 2/2
     2 | Abyss:1  | Found a corrupted altar of Lugonu.
    51 | Abyss:2  | Found a corrupted altar of Lugonu.
    55 | Abyss:3  | Found a corrupted altar of Lugonu.
    59 | Abyss:3  | Identified Gaenn's Volume of Mutagenic Translocation
    69 | Abyss:3  | Noticed a ynoxinul
    70 | D:1      | Escaped the Abyss
   143 | D:1      | Reached * piety under Lugonu
   143 | D:1      | Reached skill level 1 in Dodging
   166 | D:1      | Gained mutation: You are slightly more attuned to the shadows. [demonic ancestry]
   166 | D:1      | Reached XP level 2. HP: 23/24 MP: 4/4
   331 | D:1      | Reached skill level 2 in Armour
   516 | D:1      | Reached XP level 3. HP: 29/29 MP: 5/5
   982 | D:2      | HP: 1/29 [worm (6)]
   985 | D:2      | Reached ** piety under Lugonu
  1343 | D:2      | Reached XP level 4. HP: 23/35 MP: 6/6
  1998 | D:2      | Reached skill level 3 in Armour
  2743 | D:4      | Reached XP level 5. HP: 25/41 MP: 7/7
  3082 | D:3      | Noticed Xecutor's ghost (amateur KoEn)
  3175 | D:3      | Killed Xecutor's ghost
  3175 | D:3      | Reached skill level 4 in Armour
  3291 | D:3      | Gained mutation: You have sharp toenails. [demonic ancestry]
  3291 | D:3      | Reached XP level 6. HP: 36/48 MP: 8/8
  3403 | D:3      | Found a shattered altar of Ashenzari.
  3899 | D:3      | Reached *** piety under Lugonu
  4219 | D:4      | Found Wageajo's Magic Scroll Shop.
  4262 | D:4      | Found a staircase to the Ecumenical Temple.
  4330 | D:4      | Reached skill level 1 in Shields
  4336 | D:4      | Noticed Natasha
  4365 | D:4      | Killed Natasha
  4413 | D:4      | Reached XP level 7. HP: 46/54 MP: 9/9
  4845 | D:4      | Noticed Pikel
  4865 | D:4      | Killed Pikel
  4865 | D:4      | Reached skill level 5 in Armour
  4865 | D:4      | Reached XP level 8. HP: 50/61 MP: 10/10
  5099 | D:4      | Reached **** piety under Lugonu
  5139 | D:4      | Noticed Natasha
  5144 | D:4      | Killed Natasha
  5149 | D:4      | Noticed Ijyb
  5163 | D:4      | Killed Ijyb
  5326 | D:4      | Killed Natasha
  5472 | D:5      | Entered Level 5 of the Dungeon
  6047 | D:5      | Reached skill level 5 in Fighting
  6056 | D:5      | Found a burning altar of Makhleb.
  6137 | D:5      | Reached skill level 6 in Armour
  6258 | D:6      | Found a sand-covered staircase.
  6264 | Ossuary  | Entered an ossuary
  6651 | Ossuary  | Reached ***** piety under Lugonu
  6682 | Ossuary  | Reached skill level 5 in Axes
  6778 | Ossuary  | Reached XP level 9. HP: 69/69 MP: 11/11
  7263 | D:6      | Gained mutation: Your mind is acute. (Int +2) [mutagenic meat]
  7264 | D:6      | Gained mutation: You are clumsy. (Dex -2) [mutagenic meat]
  7266 | D:6      | Gained mutation: You passively map a small area around you. [mutagenic meat]
  7269 | D:6      | Lost mutation: Your mind is acute. (Int +2) [potion of cure mutation]
  7269 | D:6      | Lost mutation: You passively map a small area around you. [potion of cure mutation]
  7282 | D:6      | Gained mutation: You are resistant to hostile enchantments. [potion of mutation]
  7282 | D:6      | Gained mutation: Your flesh is cold resistant. [potion of mutation]
  7701 | D:6      | Reached skill level 7 in Armour
  7996 | D:6      | Noticed Menkaure
  8007 | D:6      | Killed Menkaure
  8410 | D:7      | Noticed Enroth's ghost (novice HOFE)
  8446 | D:7      | Killed from afar by Enroth's ghost

Skill      XL: |  1  2  3  4  5  6  7  8  9 |
---------------+----------------------------+-----
Axes           | 2 3 5 |  5.7
Dodging        | 1 2 3 |  3.6
Armour         | 2 3 4 5 6 7 |  7.4
Shields        | 1 2 4 |  4.8
Fighting       | 4 5 6 |  6.3
Stealth        | |  0.2
Invocations    | |  2.9

Action                   |  1- 3 |  4- 6 |  7- 9 || total
-------------------------+-------+-------+-------++-------
Melee: Hand axe          |   135 |   347 |   426 ||   908
       Kick              |       |    38 |   106 ||   144
Invok: Depart the Abyss  |     1 |       |       ||     1
  Use: Potion            |     1 |     5 |    14 ||    20
       Scroll            |       |       |     7 ||     7
  Eat: Chunk             |     1 |    11 |    14 ||    26
       Fruit             |       |       |     8 ||     8
Armor: Scale mail        |    79 |   200 |       ||   279
       Chain mail        |       |    45 |   230 ||   275
Dodge: Dodged            |    93 |   127 |    83 ||   303
Block: Shield            |       |   153 |   193 ||   346
